 Dungeon Crawl Stone Soup version 0.32-a0-12-g7fc57aa741 (webtiles) character file.

Game seed: 1573515946387393545

207 avis the Caller (level 5, 24/24 HPs)
             Began as a Felid Summoner on Jan 14, 2024.
             Got out of the dungeon alive.
             The game lasted 00:20:55 (3479 turns).

avis the Caller (Felid Summoner)                    Turns: 3479, Time: 00:20:55

Health: 24/24      AC:  1    Str:  4    XL:     5   Next: 54%
Magic:  12/12      EV: 17    Int: 20    God:
Gold:   145        SH:  0    Dex: 17    Spells: 3/12 levels left
                                        Lives:  1   Deaths: 1

rFire   . . .        (weapon unavailable)
rCold   . . .        (shield unavailable)
rNeg    . . .        (body armour unavailable)
rPois   .            (helmet unavailable)
rElec   .            (cloak unavailable)
rCorr   .            (gloves unavailable)
SInv    +            (boots unavailable)
Will    .....        (no amulet)
Stlth   ++           (no ring)
HPRegen 0.24/turn    (no ring)
MPRegen 0.13/turn

%: no passive effects
@: no status effects
A: very small, claws 1, fangs 3, see invisible, shaggy fur 1, stealthy paws, no
weapons or thrown items, no armour, multi-lived
a: no special abilities


You escaped.
You visited 1 branch of the dungeon, and saw 4 of its levels.

You collected 145 gold pieces.

Inventory:

Jewellery
 g - a ring of protection from fire
Wands
 o - a wand of flame (16)
 p - a wand of quicksilver (3)
Scrolls
 b - a scroll of teleportation
 c - 2 scrolls of immolation
 d - a scroll of poison {unknown}
 e - 2 scrolls of vulnerability {unknown}
 f - a scroll of enchant weapon {unknown}
 i - 2 scrolls of identify {unknown}
 l - 2 scrolls of enchant armour {unknown}
 n - a scroll of fear {unknown}
Potions
 a - a potion of magic
 h - 2 potions of degeneration {unknown}
 j - 2 potions of attraction {unknown}
 k - a potion of curing {unknown}
 m - a potion of enlightenment {unknown}
 q - a potion of berserk rage {unknown}
 r - a potion of heal wounds {unknown}
 s - a potion of lignification {unknown}


   Skills:
 - Level 2.6 Dodging
 - Level 2.6 Stealth
 * Level 4.1 Spellcasting
 * Level 5.1 Summonings
 * Level 1.4 Ice Magic


You had 3 spell levels left.
You knew the following spells:

 Your Spells              Type           Power      Damage    Failure   Level
a - Summon Small Mammal   Summ           96%        N/A       1%          1
c - Call Imp              Summ           48%        N/A       2%          2
d - Call Canine Familiar  Summ           24%        N/A       4%          3
i - Summon Ice Beast      Ice/Summ       17%        N/A       10%         3

Your spell library contained the following spells:

 Spells                   Type           Power      Damage    Failure   Level
 Apportation              Tloc           8%         N/A       13%         1
 Jinxbite                 Hex            8%         N/A       19%         2
 Hailstorm                Conj/Ice       7%         3d5       28%         3
 Dazzling Flash           Conj/Hex       8%         N/A       36%         3
 Volatile Blastmotes      Fire/Tloc      8%         2d10      36%         3
 Summon Blazeheart Golem  Fire/Summ      14%        N/A       41%         4
 Summon Lightning Spire   Summ/Air       14%        N/A       41%         4
 Alistair's Intoxication  Alch           2%         N/A       98%         5
 Sculpt Simulacrum        Ice/Alch       3%         N/A       100%        6
 Starburst                Conj/Fire      2%         6d3       100%        6
 Maxwell's Capacitive Co  Air            2%         ∞         100%        8


Dungeon Overview and Level Annotations

Branches:
Dungeon (4/15)
 Temple: D:4-7

Altars:
Dithmenos


Innate Abilities, Weirdness & Mutations

You have sharp claws.
You have razor-sharp teeth.
You have supernaturally acute eyesight. (SInv)
You are covered in fur. (AC +1)
Your paws help you pounce on unaware monsters.
You are incapable of wielding weapons or throwing items.
You cannot wear armour.
You gain extra lives every three experience levels.


Message History

As you read the scroll labelled QIOVIS WONY, it crumbles to dust.
The creatures around you are filled with an inner flame!
It was a scroll of immolation.
The liquid fire burns you!
* * * LOW HITPOINT WARNING * * *
The bombardier beetle bites your inugami.
Flame seeps out of your inugami.
Your inugami is engulfed in blazing flames.
Flame seeps out of your inugami.
Your inugami barely misses the bombardier beetle.
Your ice beast hits the bombardier beetle but does no damage.
As you read the scroll labelled HONUKA KIVU, it crumbles to dust.
You feel strangely unstable.
It was a scroll of teleportation.
The liquid fire burns you!
You die...
Your inugami is engulfed in blazing flames.
Your inugami disappears in a puff of smoke!
Your inugami explodes!
The fiery explosion engulfs the bombardier beetle!
The fiery explosion engulfs your ice beast!!!
Your ice beast melts!
Your ice beast disappears in a puff of smoke!
Your ice beast explodes!
The bombardier beetle explodes!
You rejoin the land of the living...
What level of the Dungeon? (default 3, ? - help)
There is a stone staircase leading up here.
You climb upwards.
There is a stone staircase leading down here.
There is a stone staircase leading up here.
You climb upwards.
There is a stone staircase leading down here.
There is a stone staircase leading up here.
You climb upwards.
There is a stone staircase leading down here.
You see here a +0 hand axe.
You see here a +0 dagger.
There is an open gate here.
There is an open door here.
There is a staircase leading out of the dungeon here.
You have escaped!

###################
#....#.......#....# ♣♣♣♣
#.⌠..#.8...8.'..@.# ♣..♣♣♣
#....#...⌠...#....# ♣♣...♣
#....'.8...8.#....#♣♣♣...♣
###..#)......#..###♣.....♣♣
####..8.8..####♣.♣......♣# ♣♣♣
#.......# ♣♣♣.........###
#♣.♣♣###...###♣♣.............#
#...♣♣♣#'''#♣♣.....♣♣♣######.#
#♣..............♣### #..#


There were no monsters in sight!

Vanquished Creatures
  A bombardier beetle (D:4)
  A ball python (D:2)
  A bat (D:2)
  A hobgoblin (D:2)
  A quokka (D:1)
  A kobold (D:2)
6 creatures vanquished.

Vanquished Creatures (collateral kills)
  A hound (D:4)
  4 gnolls (D:4)
  5 adders
  4 ball pythons
  5 endoplasms
  2 giant cockroaches (D:1)
  5 goblins
  3 hobgoblins
  3 jackals (D:3)
  8 kobolds
  5 quokkas
  3 bats
  4 frilled lizards
  6 rats
58 creatures vanquished.

Grand Total: 64 creatures vanquished

Notes
Turn   | Place    | Note
-------+----------+-------------------------------------------
     0 | D:1      | avis the Felid Summoner began the quest for the Orb.
     0 | D:1      | Reached XP level 1. HP: 9/9 MP: 4/4
   157 | D:1      | Found a faded altar of an unknown god.
   292 | D:1      | Reached XP level 2. HP: 13/13 MP: 3/6
   298 | D:1      | Learned a level 2 spell: Call Imp
  1215 | D:2      | Reached XP level 3. HP: 16/16 MP: 8/8
  1223 | D:2      | Learned a level 3 spell: Call Canine Familiar
  2470 | D:3      | Reached XP level 4. HP: 21/21 MP: 6/10
  2470 | D:3      | Gained a life (2 lives remaining)
  2565 | D:3      | Learned a level 3 spell: Summon Ice Beast
  2842 | D:3      | Found a shadowy altar of Dithmenos.
  3124 | D:4      | Reached XP level 5. HP: 24/24 MP: 6/11
  3224 | D:4      | Reached skill level 5 in Summonings
  3224 | D:4      | Reached skill level 1 in Ice Magic
  3359 | D:4      | Incinerated by a bombardier beetle
  3359 | D:4      | Lost a life (1 life remaining)
  3479 | D:$      | Got out of the dungeon alive.

Illustrated notes

Levels and vault maps discovered:
D:1:      sevenhm_arrival_forest_fort_large_2, layout_rooms,
          ebering_ecumenical_altar_rust, minmay_misc_feat_chi
D:2:      layout_loops_ring, kennysheep_pointless_box
D:3:      layout_loops_ring, mainiacjoe_overflow_alcove_1,
          minmay_misc_feat_plants
D:4:      layout_loops_ring, kennysheep_vampire_church,
          mainiacjoe_overflow_swirl, minmay_temple_entry_large_hall,
          nicolae_shop_unique_rings, minmay_misc_feat_roman, st_stairs_13,
          kennysheep_small_square

Skill      XL: |  1  2  3  4  5 |
---------------+----------------+-----
Spellcasting   | 3 4 |  4.1
Summonings     | 5 |  5.1
Ice Magic      | 1 |  1.4
Dodging        | |  2.6
Stealth        | |  2.6

Action                     |  1- 3 |  4- 6 || total
---------------------------+-------+-------++-------
  Melee: Unarmed           |    28 |     1 ||    29
         Bite              |     3 |       ||     3
   Cast: Summon Small Mamm |    37 |       ||    37
         Call Imp          |     8 |     1 ||     9
         Call Canine Famil |     8 |     5 ||    13
         Summon Ice Beast  |       |     3 ||     3
    Use: Scroll            |       |     2 ||     2
   Stab: Sleeping          |     1 |       ||     1
 Armour: Skin              |    13 |     1 ||    14
  Dodge: Dodged            |    28 |    12 ||    40

Table legend: (Time is in decaauts)
 A = Elapsed time spent in this place.
 B = Non-inter-level travel time spent in this place.
 C = Inter-level travel time spent in this place.
 D = Time resting spent in this place.
 E = Time spent auto-exploring this place.
 F = Levels seen in this place.
 G = Mean time per level.
                   A        B        C        D        E       F      G
               +--------+--------+--------+--------+--------+-----+--------+
         Total |   3481 |   3053 |    428 |    415 |   1838 |   4 |  870.2 |
       Dungeon |   3481 |   3053 |    428 |    415 |   1838 |   4 |  870.2 |
               +--------+--------+--------+--------+--------+-----+--------+

Top non-repeatable levels by time:
     D:1: 1211 daAuts
     D:3: 1068 daAuts
     D:2: 878 daAuts
     D:4: 323 daAuts
